 Dungeon Crawl Stone Soup version 0.27-a0-1278-g6cbc8dfb29 (webtiles) character file.

Game seed: 16573602480174438575

866 avis the Frost Mage (level 8, -3/52 HPs)
             Began as a Barachi Ice Elementalist on June 12, 2021.
             Killed from afar by a white imp (9 damage)
             ... with a puff of frost
             ... on level 5 of the Dungeon.
             The game lasted 00:22:37 (4883 turns).

avis the Frost Mage (Barachi Ice Elementalist)      Turns: 4883, Time: 00:22:38

Health: -3/52      AC:  5    Str:  9    XL:     8   Next: 3%
Magic:  11/15      EV: 11    Int: 18    God:
Gold:   182        SH:  4    Dex: 13    Spells: 5/16 levels left

rFire    . . .     SeeInvis .   a - +1 whip (flame)
rCold    . . .     Faith    .   v - +0 buckler
rNeg     . . .     Spirit   .   r - +0 leather armour
rPois    .         Reflect  .   j - +0 helmet
rElec    .         Harm     .   (no cloak)
rCorr    .         Rampage  .   x - +0 pair of gloves
Will     .....                  (no boots)
Stlth    ++........             (no amulet)
HPRegen  0.17/turn              (no ring)
MPRegen  0.14/turn              (no ring)

@: lethally poisoned (-3 -> -4), slow
A: amphibious, slowness 1, strong legs 1, +LOS
a: Hop


You were on level 5 of the Dungeon.
You visited 1 branch of the dungeon, and saw 5 of its levels.

You collected 182 gold pieces.

Inventory:

Hand Weapons
 a - a +1 whip of flaming (weapon)
 b - a +0 hunting sling
 c - a +0 dagger
 f - a +0 rapier
 l - a +0 spear
 m - a +0 halberd
 p - a +0 hand crossbow
 t - a +0 falchion
 y - a +2 vampiric spear
Missiles
 g - 37 sling bullets
 h - 85 stones
 k - 28 arrows
 A - 11 bolts
Armour
 d - a +0 ring mail
 j - a +0 helmet (worn)
 r - a +0 leather armour (worn)
 s - a +0 robe
 v - a +0 buckler (worn)
 x - a +0 pair of gloves (worn)
Wands
 z - a wand of iceblast (10)
Scrolls
 e - a scroll of identify {unknown}
 i - 4 scrolls of teleportation {unknown}
 n - a scroll of enchant weapon {unknown}
 w - a scroll of acquirement {unknown}
 B - a scroll of amnesia {unknown}
Potions
 o - 2 potions of curing {unknown}
 q - 3 potions of degeneration {unknown}
 u - a potion of attraction {unknown}


   Skills:
 - Level 2.1 Dodging
 - Level 1.7 Stealth
 + Level 2.9 Shields
 + Level 4.9 Spellcasting
 - Level 3.0 Conjurations
 * Level 9.0 Ice Magic


You had 5 spell levels left.
You knew the following spells:

 Your Spells              Type           Power      Damage    Failure   Level
a - Freeze                Ice            100%       1d11      1%          1
o - Ozocubu's Armour      Ice            37%        N/A       1%          3
r - Frozen Ramparts       Ice            74%        1d9       1%          3
s - Hailstorm             Conj/Ice       26%        3d7       19%         4

Your spell library contained the following spells:

 Spells                   Type           Power      Damage    Failure   Level
 Corona                   Hex            4%         N/A       22%         1
 Slow                     Hex            4%         N/A       32%         2
 Inner Flame              Hex/Fire       4%         N/A       54%         3
 Portal Projectile        Hex/Tloc       8%         N/A       54%         3
 Metabolic Englaciation   Hex/Ice        10%        N/A       67%         5
 Cause Fear               Hex            2%         N/A       91%         4
 Leda's Liquefaction      Hex/Erth       2%         N/A       91%         4


Dungeon Overview and Level Annotations

Branches:
Dungeon (5/15)
 Temple: D:4-7

Altars:
Lugonu

Shops:
D:1 (

Portals:
Abyss: D:3

Annotations:
D:3 2 runed translucent doors


Innate Abilities, Weirdness & Mutations

You are amphibious.
You cover ground slowly.
You can hop short distances.
You have an extended range of vision and can be seen from far away.


Message History

The water moccasin completely misses you.
The water moccasin bites you.
You are poisoned.
The water moccasin poisons you!
Casting: Freeze (safe; 1% risk of failure)
Confirm with . or Enter, or press ? or * to list all spells.
Aiming: Freeze (safe; 1% risk of failure)
Press: ? - help, Shift-Dir - straight line, f/p - water moccasin
Aim: a water moccasin (heavily wounded)
You freeze the water moccasin.
The water moccasin is severely wounded.
You feel sick. The water moccasin bites you.
* * * LOW HITPOINT WARNING * * *
Casting: Freeze (safe; 1% risk of failure)
Confirm with . or Enter, or press ? or * to list all spells.
Aiming: Freeze (safe; 1% risk of failure)
Press: ? - help, Shift-Dir - straight line, f/p - water moccasin
Aim: a water moccasin (severely wounded)
You freeze the water moccasin!
You kill the water moccasin!
You feel sick.
Your Ice Magic skill increases to level 9!
You have reached level 8!
You feel agile.
A bullfrog zombie comes into view.
You feel sick.
You barely miss the white imp.
The white imp is moderately wounded.
You feel sick. The white imp gestures at you.
The puff of frost hits you but does no damage.
You hit the white imp. You burn the white imp.
The white imp is heavily wounded.
You feel sick. The white imp closely misses you.
You hit the white imp. You burn the white imp.
The white imp is almost dead.
You feel sick. The white imp gestures at you. The puff of frost hits you!
You die...

.....#.......#
#.##.#.......#
##.##.#.......##
#<..............
##.##.#.......#
####.#.>.:...#
##...........<#
#........######
#..##@#..#
#....5#..#
#....Z.......
#..#.##..####
..).......#
...........##
..##..#.###.# .
.. #. .# ##. ..


You could see a white imp and a bullfrog zombie.

Vanquished Creatures
  Pikel (D:3)
  A water moccasin (D:5)
  A lemure (D:3)
  A scorpion (D:4)
  A howler monkey (D:4)
  A bullfrog skeleton (D:4)
  10 gnolls
  4 adders
  An ufetubus (D:3)
  2 dart slugs
  3 orcs (D:3)
  5 bats
  3 endoplasms
  2 giant cockroaches (D:2)
  10 goblins
  6 hobgoblins
  2 quokkas
  10 ball pythons
  3 frilled lizards
  4 kobolds
  4 rats
75 creatures vanquished.

Notes
Turn   | Place    | Note
-------+----------+-------------------------------------------
     0 | D:1      | avis the Barachi Ice Elementalist began the quest for the
                  | Orb.
     0 | D:1      | Reached XP level 1. HP: 13/13 MP: 3/3
     2 | D:1      | Noticed a palentonga
     4 | D:1      | Noticed a spriggan
     6 | D:1      | Noticed an elf
     6 | D:1      | Noticed a vampire
     8 | D:1      | Noticed a naga
     8 | D:1      | Noticed a merfolk
    10 | D:1      | Noticed a vine stalker
    10 | D:1      | Noticed a felid
    12 | D:1      | Noticed a dwarf
    12 | D:1      | Noticed a centaur
    14 | D:1      | Noticed a demonspawn
    14 | D:1      | Noticed a minotaur
    16 | D:1      | Noticed a troll
    16 | D:1      | Noticed a human
    18 | D:1      | Noticed a tengu
    18 | D:1      | Noticed a demigod
    20 | D:1      | Noticed a barachi
    22 | D:1      | Noticed a ghoul
    22 | D:1      | Noticed a gargoyle
    24 | D:1      | Noticed an ogre
    24 | D:1      | Noticed a draconian
    26 | D:1      | Noticed an octopode
    26 | D:1      | Noticed a formicid
   155 | D:1      | Reached skill level 5 in Ice Magic
   251 | D:1      | Found Araxux's Antique Weapon Emporium.
   377 | D:1      | Reached XP level 2. HP: 19/19 MP: 5/5
   839 | D:1      | Found a faded altar of an unknown god.
  1163 | D:2      | Reached XP level 3. HP: 21/24 MP: 4/7
  1197 | D:2      | Learned a level 3 spell: Frozen Ramparts
  1201 | D:2      | Learned a level 3 spell: Ozocubu's Armour
  1473 | D:2      | Reached skill level 6 in Ice Magic
  1473 | D:2      | Reached XP level 4. HP: 17/30 MP: 3/8
  2205 | D:3      | Found a one-way gate to the infinite horrors of the Abyss.
  2593 | D:3      | Reached XP level 5. HP: 21/35 MP: 6/10
  2896 | D:3      | Found a large runed translucent door.
  2896 | D:3      | Found a corrupted altar of Lugonu.
  2896 | D:3      | Found a large runed translucent door.
  2945 | D:3      | Learned a level 4 spell: Hailstorm
  3045 | D:3      | Reached skill level 7 in Ice Magic
  3626 | D:4      | Reached skill level 1 in Conjurations
  3626 | D:4      | Reached XP level 6. HP: 40/41 MP: 5/11
  4011 | D:4      | Noticed Pikel
  4108 | D:3      | HP: 1/41 [Pikel (2)]
  4109 | D:3      | Killed Pikel
  4110 | D:3      | Reached skill level 8 in Ice Magic
  4110 | D:3      | Reached XP level 7. HP: 1/46 MP: 1/13
  4856 | D:5      | Entered Level 5 of the Dungeon
  4880 | D:5      | Reached skill level 9 in Ice Magic
  4880 | D:5      | Reached XP level 8. HP: 10/52 MP: 10/15
  4883 | D:5      | Killed from afar by a white imp

Illustrated notes

Levels and vault maps discovered:
D:1:      kb_arrival_jail, layout_loops_ring,
          ebering_ecumenical_altar_abandoned, serial_shops, shop
D:2:      layout_basic
D:3:      due_chaos_kobolds, layout_rooms
D:4:      layout_cave_pools, minmay_door_square, uniq_pikel
D:5:      layout_loops_cross, zin_treasury, lemuel_mausoleum_altar_kikubaaqudgha

Skill      XL: |  1  2  3  4  5  6  7 |
---------------+----------------------+-----
Ice Magic      | 5 6 7 8 9 |  9.0
Spellcasting   | 3 4 |  4.9
Conjurations   | 1 3 |  3.0
Shields        | 2 |  2.9
Dodging        | |  2.1
Stealth        | |  1.7

Action                   |  1- 3 |  4- 6 |  7- 9 || total
-------------------------+-------+-------+-------++-------
Melee: Dagger            |     1 |       |       ||     1
       Spear             |       |    33 |       ||    33
       Whip              |       |       |    11 ||    11
 Cast: Freeze            |    42 |    71 |     8 ||   121
       Ozocubu's Armour  |       |     1 |       ||     1
       Frozen Ramparts   |       |     1 |       ||     1
 Abil: Hop               |       |     1 |       ||     1
 Stab: Sleeping          |     1 |     2 |       ||     3
Armor: Robe              |     2 |     2 |       ||     4
       Leather armour    |       |    23 |     6 ||    29
Dodge: Dodged            |    17 |    48 |     9 ||    74

Table legend: (Time is in decaauts)
 A = Elapsed time spent in this place.
 B = Non-inter-level travel time spent in this place.
 C = Inter-level travel time spent in this place.
 D = Time resting spent in this place.
 E = Time spent auto-exploring this place.
 F = Levels seen in this place.
 G = Mean time per level.
                   A        B        C        D        E       F      G
               +--------+--------+--------+--------+--------+-----+--------+
         Total |   5373 |   5219 |    154 |   2066 |   2121 |   5 | 1074.6 |
       Dungeon |   5373 |   5219 |    154 |   2066 |   2121 |   5 | 1074.6 |
               +--------+--------+--------+--------+--------+-----+--------+

Top non-repeatable levels by time:
     D:3: 1845 daAuts
     D:2: 1513 daAuts
     D:1: 1198 daAuts
     D:4: 786 daAuts
     D:5: 30 daAuts
